[Event "Titled Tuesday Blitz August 31 2021"]
[White "Sokolin, Leonid"]
[Black "Tarigan, Gilbert Elroy"]
[WhiteFideId "2009161"]
[BlackFideId "7108133"]
[WhiteElo "2394"]
[BlackElo "1908"]
[Result "0-1"]
[Round "02"]
[TimeControl "180+1"]
[Date "2021.08.31"]
[WhiteClock "0:00:24"]
[BlackClock "0:00:06"]

1. e4 e5 2. Nf3 Nf6 3. d4 Nxe4 4. Bd3 d5 5. Nxe5 Be7 6. c4 O-O 7. O-O Nc6 8. Nxc6 bxc6 9. Nc3 Nxc3 10. bxc3 Be6 11. c5 Qd7 12. Re1 Bf6 13. Bf4 Rfe8 14. h3 Rac8 15. Qh5 g6 16. Qf3 Bf5 17. Bxf5 Qxf5 18. Rxe8+ Rxe8 19. Bxc7 Qxf3 20. gxf3 Re2 21. Rb1 Rxa2 22. Rb8+ Kg7 23. Bd6 Bh4 24. Be5+ f6 25. Bg3 Bxg3 26. fxg3 Ra3 27. Rb7+ Kh6 28. Rc7 Rxc3 29. Rxc6 Rxf3 30. Kg2 Rd3 31. Rxf6 Rxd4 32. Rd6 a5 33. h4 a4 34. Ra6 Rd2+ 35. Kf3 Rd3+ 36. Kf4 a3 37. g4 Rd4+ 38. Kg3 Kg7 39. g5 Rc4 40. Ra7+ Kg8 41. Ra8+ Kf7 42. Ra7+ Ke6 43. Rxa3 Rxc5 44. Ra7 Rc3+ 45. Kg4 Rc4+ 46. Kg3 d4 47. Rxh7 d3 48. Ra7 d2 49. Ra1 Rc1 50. Ra6+ Kd5 51. Ra5+ Rc5 52. Ra8 Kd4 53. Rd8+ Rd5 0-1


[Site "https://www.chess.com"]

[Event "Titled Tuesday Blitz August 31 2021"]
[White "Stribuk, Artiom"]
[Black "Stelmaszyk, Nico"]
[WhiteFideId "13515659"]
[BlackFideId "16200462"]
[WhiteElo "2224"]
[BlackElo "2119"]
[Result "0-1"]
[Round "02"]
[TimeControl "180+1"]
[Date "2021.08.31"]
[WhiteClock "0:00:12"]
[BlackClock "0:00:33"]

1. d4 d5 2. c4 e6 3. Nf3 c5 4. g3 Nc6 5. Bg2 Nf6 6. O-O Be7 7. cxd5 exd5 8. dxc5 Bxc5 9. Qc2 Be7 10. Nc3 Be6 11. Rd1 O-O 12. Be3 Rc8 13. Nd4 Qd7 14. Qa4 Rfd8 15. Rac1 a6 16. Nxe6 fxe6 17. Bb6 Re8 18. Bh3 Qd6 19. e4 Ne5 20. Be3 Rc4 21. Qb3 Rb4 22. Qc2 d4 23. Bf4 Nh5 24. Bxe5 Qxe5 25. Ne2 Nf6 26. Bg2 Rd8 27. Nf4 Qd6 28. Nd3 Rb5 29. e5 Rxe5 30. Nxe5 Qxe5 31. Re1 Qd6 32. Qb3 d3 33. Rcd1 Kh8 34. Rxe6 Qc7 35. Rxd3 Qc1+ 36. Bf1 Rxd3 37. Qxd3 Bf8 38. Qd8 Kg8 39. Rxf6 gxf6 40. Qxf6 Bc5 41. Qg5+ Qxg5 0-1


[Site "https://www.chess.com"]

[Event "Titled Tuesday Blitz August 31 2021"]
[White "Tanenbaum, Zachary"]
[Black "Kozak, Antoni"]
[WhiteFideId "2060850"]
[BlackFideId "21832030"]
[WhiteElo "2165"]
[BlackElo "2289"]
[Result "1-0"]
[Round "02"]
[TimeControl "180+1"]
[Date "2021.08.31"]
[WhiteClock "0:02:25"]
[BlackClock "0:00:40"]

1. e4 c6 2. d4 d5 3. exd5 cxd5 4. Bd3 Nc6 5. c3 Qc7 6. Bg5 Nf6 7. Nd2 Bg4 8. Ngf3 e6 9. Bh4 Bd6 10. Qc2 Bh5 11. O-O Bg6 12. Rfe1 O-O 13. Bxg6 hxg6 14. Qd3 b5 15. Bg3 Bxg3 16. hxg3 b4 17. Rac1 bxc3 18. Qxc3 Rfc8 19. Ne5 Qd6 20. Nxc6 Rc7 21. Qc5 Qxc5 22. Rxc5 Kf8 23. b4 a6 24. Rec1 Nd7 25. R5c2 Rac8 26. a4 Rb7 27. Ne5 Rxc2 28. Nxd7+ Rxd7 29. Rxc2 1-0


[Site "https://www.chess.com"]

[Event "Titled Tuesday Blitz August 31 2021"]
[White "Tang, Andrew"]
[Black "Firat, Burak"]
[WhiteFideId "2059630"]
[BlackFideId "6305881"]
[WhiteElo "2588"]
[BlackElo "2531"]
[Result "1-0"]
[Round "02"]
[TimeControl "180+1"]
[Date "2021.08.31"]
[WhiteClock "0:00:30"]
[BlackClock "0:00:12"]

1. d4 Nf6 2. c4 e6 3. Nc3 d5 4. cxd5 Nxd5 5. e4 Nxc3 6. bxc3 c5 7. Nf3 cxd4 8. cxd4 Bb4+ 9. Bd2 Bxd2+ 10. Qxd2 O-O 11. Rc1 b6 12. Bd3 Bb7 13. O-O Nd7 14. Qf4 h6 15. Qc7 Rb8 16. Rc2 Nf6 17. Qf4 e5 18. Qe3 exd4 19. Qf4 Nh5 20. Qf5 g6 21. Qg4 Re8 22. Re1 Bc8 23. Qh4 Qxh4 24. Nxh4 Nf4 25. Bf1 Bb7 26. f3 Rbc8 27. Rd2 Red8 28. Red1 Ne6 29. g3 Rc3 30. Kf2 Ra3 31. Bc4 a6 32. Ng2 b5 33. Bxe6 fxe6 34. Nf4 Kf7 35. Nd3 Kf6 36. Nc5 Bc6 37. f4 e5 38. Rc1 Rc8 39. Rdc2 d3 40. Nxd3 Rxd3 41. Rxc6+ Rxc6 42. Rxc6+ Kg7 43. Rxa6 exf4 44. gxf4 Rd2+ 45. Kg3 Rd3+ 46. Kg4 h5+ 47. Kg5 Rd2 48. Rxg6+ Kf7 49. Rf6+ Ke7 50. Rb6 Rxa2 51. h4 Rb2 52. Kxh5 b4 53. Kg6 b3 54. Kf5 Rb1 55. h5 b2 56. h6 Rh1 57. Rb7+ Kf8 58. Rxb2 Rxh6 59. Rb8+ Kf7 60. Rb7+ Kf8 61. e5 Rh5+ 62. Ke6 Rh6+ 63. Kd5 Rh5 64. Kd6 Rh1 65. f5 Rd1+ 66. Ke6 Ra1 67. f6 Ra6+ 68. Kf5 Ra1 69. Rb8+ 1-0


[Site "https://www.chess.com"]

[Event "Titled Tuesday Blitz August 31 2021"]
[White "TanitoluwaAps116"]
[Black "Pridorozhni, Aleksei"]
[BlackFideId "4127870"]
[WhiteElo "2540"]
[BlackElo "2565"]
[Result "0-1"]
[Round "02"]
[TimeControl "180+1"]
[Date "2021.08.31"]
[WhiteClock "0:02:24"]
[BlackClock "0:02:38"]

1. d4 d5 2. Bf4 c6 3. e3 Qb6 4. b3 Bf5 5. c4 e6 6. Nd2 Nf6 7. Ngf3 h6 8. Be2 Bb4 9. a3 Bc3 10. Ra2 Ne4 11. O-O Bxd2 12. Nxd2 Nc3 13. Qa1 Nxe2+ 14. Kh1 Nxf4 15. exf4 O-O 16. c5 Qd8 17. Nf3 Nd7 18. g3 Be4 19. Kg2 b6 20. b4 a5 0-1


[Site "https://www.chess.com"]

[Event "Titled Tuesday Blitz August 31 2021"]
[White "Timmermans, Mark"]
[Black "Yaniuk, Volodymyr"]
[WhiteFideId "1026399"]
[BlackFideId "14133083"]
[WhiteElo "2460"]
[BlackElo "2207"]
[Result "1/2-1/2"]
[Round "02"]
[TimeControl "180+1"]
[Date "2021.08.31"]
[WhiteClock "0:00:20"]
[BlackClock "0:00:10"]

1. b4 e5 2. Bb2 d6 3. b5 g6 4. a4 Bg7 5. c4 a5 6. e3 Ne7 7. Nf3 O-O 8. Nc3 Bg4 9. Be2 Nd7 10. O-O b6 11. d4 exd4 12. Nxd4 Bxe2 13. Qxe2 Nc5 14. Nd5 Re8 15. Nxe7+ Qxe7 16. Nc6 Qd7 17. Rfd1 Re4 18. Bxg7 Kxg7 19. f3 Re6 20. e4 Rae8 21. Qb2+ f6 22. Rd5 Qf7 23. h3 Kg8 24. Nd4 Re5 25. Qc2 Rxd5 26. cxd5 Qe7 27. Nc6 Qg7 28. Re1 Qh6 29. Qc3 Qh4 30. Ra1 Qf4 31. Kh1 h5 32. Nd4 Qe5 33. Qd2 Kh7 34. Rc1 Rf8 35. Rc4 Rf7 36. Ne6 Nxe6 37. dxe6 Qxe6 38. Qc1 Qe7 39. Qc3 g5 40. Qd3 Kg7 41. Qd5 Qe5 42. Qb7 Qa1+ 43. Kh2 Qe5+ 44. Kh1 Qe7 45. Qd5 h4 46. Rc6 Qe5 47. Qc4 Qa1+ 48. Kh2 Qe5+ 49. Kg1 Qa1+ 50. Kf2 Qb2+ 51. Kf1 Qb1+ 52. Ke2 Qb2+ 53. Ke3 Qxg2 54. Rxc7 Qg1+ 55. Ke2 Qh2+ 56. Ke3 Qg1+ 57. Ke2 Qg2+ 58. Ke3 Qg1+ 1/2-1/2


[Site "https://www.chess.com"]

[Event "Titled Tuesday Blitz August 31 2021"]
[White "Tokhirjonova, Gulrukhbegim"]
[Black "Costachi, Mihnea"]
[WhiteFideId "14203626"]
[BlackFideId "1217518"]
[WhiteElo "2236"]
[BlackElo "2482"]
[Result "1-0"]
[Round "02"]
[TimeControl "180+1"]
[Date "2021.08.31"]
[WhiteClock "0:00:09"]
[BlackClock "0:00:07"]

1. e4 e5 2. Nf3 Nc6 3. Bb5 a6 4. Ba4 d6 5. d3 Bd7 6. c4 g6 7. Nc3 Bg7 8. Be3 Nf6 9. O-O h6 10. Nd5 Ng4 11. Bd2 f5 12. Re1 f4 13. d4 O-O 14. h3 Nf6 15. dxe5 Nxe5 16. Bxd7 Nfxd7 17. Nd4 Nc5 18. Nxf4 Ned3 19. Nde6 Nxe6 20. Nxd3 Qh4 21. Qg4 Qf6 22. Bc3 Qf7 23. e5 dxe5 24. Bxe5 Bxe5 25. Rxe5 Ng7 26. Rae1 Nf5 27. Nf4 Kh7 28. Re6 Rg8 29. Nd5 Kh8 30. Qe4 c6 31. Ne7 Rg7 32. Nxf5 Qxf5 33. Qxf5 gxf5 34. Rxh6+ Kg8 35. Rf6 Rd8 36. Rxf5 Rd2 37. b3 Rxa2 38. g4 Rd7 39. Re3 a5 40. g5 a4 41. bxa4 Rxa4 42. c5 Kg7 43. Kg2 Kg6 44. Ref3 Rd5 45. Rxd5 cxd5 46. Rd3 d4 47. h4 Kh5 48. Kg3 Rc4 49. Kf4 Rc2 50. f3 Rc4 51. Ke4 Kxh4 52. Rxd4 Rxc5 53. f4 Kh5 54. Rd7 b5 55. Rd5 Rc4+ 56. Kf5 b4 57. Rb5 Rd4 58. Ke5 Rc4 59. Rb7 Kg6 60. Rb6+ Kh5 61. Rh6+ Kg4 62. g6 Rc5+ 63. Kd6 Rc7 64. Kxc7 b3 65. g7 b2 66. g8=Q+ Kf3 67. Rh1 b1=Q 68. Rxb1 1-0


[Site "https://www.chess.com"]

[Event "Titled Tuesday Blitz August 31 2021"]
[White "Tologon tegin, Semetei"]
[Black "Ohanyan, Emin"]
[WhiteFideId "13800574"]
[BlackFideId "13312022"]
[WhiteElo "2224"]
[BlackElo "1809"]
[Result "0-1"]
[Round "02"]
[TimeControl "180+1"]
[Date "2021.08.31"]
[WhiteClock "0:00:04"]
[BlackClock "0:00:03"]

1. e4 e5 2. Nf3 Nc6 3. Bc4 Nf6 4. d3 d5 5. exd5 Nxd5 6. O-O Bc5 7. Re1 Be6 8. Bxd5 Qxd5 9. Nc3 Qd6 10. Ne4 Qe7 11. Nxc5 Qxc5 12. Nxe5 O-O-O 13. Nxc6 Qxc6 14. Bf4 h5 15. Qd2 h4 16. h3 g5 17. Be5 Rhg8 18. f3 Rd5 19. c4 Rd7 20. d4 Qxc4 21. Rac1 Qd5 22. Qe3 b6 23. Rc3 Kb7 24. Rec1 Rc8 25. b4 Qxa2 26. Ra3 Qd5 27. Rca1 Ra8 28. Qe2 Qc4 29. Qe4+ Bd5 30. Qf5 Be6 31. Qxg5 Qxb4 32. Qxh4 a5 33. Qg3 f6 34. Bxf6 Rg8 35. Qh4 Bd5 36. Kh1 Qb2 37. Bg5 Rdg7 38. Rxa5 Rxg5 39. Ra7+ Kc6 40. Qh6+ R8g6 41. Qxg6+ Rxg6 42. Rc1+ Qxc1+ 43. Kh2 Qc5 44. Rxc7+ Kxc7 45. h4 Qd6+ 0-1


[Site "https://www.chess.com"]

[Event "Titled Tuesday Blitz August 31 2021"]
[White "Trent, Lawrence"]
[Black "Ashwin, Jayaram"]
[WhiteFideId "408638"]
[BlackFideId "5018137"]
[WhiteElo "2474"]
[BlackElo "2461"]
[Result "1-0"]
[Round "02"]
[TimeControl "180+1"]
[Date "2021.08.31"]
[WhiteClock "0:00:42"]
[BlackClock "0:00:03"]

1. d4 d5 2. Bf4 Nf6 3. Nc3 a6 4. e3 e6 5. g4 Bd6 6. Qf3 c5 7. g5 Ng8 8. O-O-O Nc6 9. h4 Nge7 10. h5 cxd4 11. exd4 Nf5 12. Nge2 Bxf4+ 13. Qxf4 h6 14. gxh6 gxh6 15. Bh3 Nd6 16. Kb1 Nb5 17. Rhe1 Qg5 18. Qh2 Nxc3+ 19. Nxc3 Qxh5 20. Qg2 Qg5 21. Qxd5 Qxd5 22. Nxd5 O-O 23. Rg1+ Kh8 24. Nf6 Ne7 25. Rd3 b5 26. Bg2 Ra7 27. Be4 Bb7 28. Rh3 1-0


[Site "https://www.chess.com"]

[Event "Titled Tuesday Blitz August 31 2021"]
[White "Tristan, Leonardo"]
[Black "Spyropoulos, Nikolaos"]
[WhiteFideId "113816"]
[BlackFideId "4298977"]
[WhiteElo "2404"]
[BlackElo "2159"]
[Result "0-1"]
[Round "02"]
[TimeControl "180+1"]
[Date "2021.08.31"]
[WhiteClock "0:00:01"]
[BlackClock "0:00:25"]

1. d4 e6 2. e4 d5 3. exd5 exd5 4. Nf3 Bd6 5. c4 Nf6 6. Nc3 O-O 7. cxd5 a6 8. Bg5 b5 9. Bxf6 Qxf6 10. Be2 Re8 11. O-O Bb7 12. Bd3 Qh6 13. Re1 Nd7 14. Qb3 Nb6 15. a4 b4 16. a5 bxc3 17. axb6 cxb2 18. Qxb2 cxb6 19. Rxe8+ Rxe8 20. Bxa6 Bxd5 21. Qb5 Rd8 22. Ne5 Bxe5 23. dxe5 Qg5 24. Qf1 Qxe5 25. Rd1 Re8 26. Bb5 Re7 27. h3 g6 28. Qd3 Be4 29. Qd6 Re6 30. Qd8+ Kg7 31. Bc4 Rf6 32. Re1 Qf4 33. Qd4 Ba8 34. Qxf4 Rxf4 35. Bb3 Rb4 36. Re3 Bc6 37. Kf1 Kf6 38. Ke1 Rd4 39. Rc3 Bxg2 40. Rc7 Re4+ 41. Kd2 Re7 0-1


[Site "https://www.chess.com"]

[Event "Titled Tuesday Blitz August 31 2021"]
[White "Ulko, Jaroslav"]
[Black "Naroditsky, Daniel"]
[WhiteFideId "4116658"]
[BlackFideId "2026961"]
[WhiteElo "2304"]
[BlackElo "2608"]
[Result "0-1"]
[Round "02"]
[TimeControl "180+1"]
[Date "2021.08.31"]
[WhiteClock "0:00:03"]
[BlackClock "0:00:49"]

1. d4 Nf6 2. Nf3 g6 3. c3 Bg7 4. Bg5 O-O 5. Nbd2 d6 6. e4 c5 7. dxc5 dxc5 8. Be2 Nc6 9. O-O Qc7 10. Qc2 Nh5 11. Rfe1 Nf4 12. Bf1 b6 13. Nc4 Bg4 14. Nfd2 Be6 15. Rad1 Rad8 16. a4 Rd7 17. Bh4 Bg4 18. f3 Be6 19. Ne3 Rfd8 20. Ndc4 h6 21. Bg3 g5 22. Rxd7 Rxd7 23. Rd1 Qd8 24. h4 Ne5 25. Rxd7 Qxd7 26. hxg5 hxg5 27. Nxe5 Bxe5 28. Bf2 Bc7 29. Nf5 Bxf5 30. exf5 Qd6 31. Be3 Nd5 32. Qe4 Nf6 33. Qa8+ Kg7 34. Kf2 Qg3+ 35. Ke2 Qe5 36. Kd2 Qxf5 37. Qxa7 Nd5 38. Bf2 Qb1 39. Bd3 Qxb2+ 40. Kd1 Nxc3+ 0-1


[Site "https://www.chess.com"]

[Event "Titled Tuesday Blitz August 31 2021"]
[White "Urjubdshzirov, Erdni"]
[Black "Kowalczyk, Pawel"]
[WhiteFideId "4186451"]
[BlackFideId "1130641"]
[WhiteElo "2405"]
[BlackElo "2325"]
[Result "1-0"]
[Round "02"]
[TimeControl "180+1"]
[Date "2021.08.31"]
[WhiteClock "0:00:14"]
[BlackClock "0:00:15"]

1. e4 a6 2. d4 b5 3. Nf3 e6 4. Bd3 Bb7 5. O-O Nf6 6. Re1 c5 7. c3 cxd4 8. Nxd4 d6 9. a4 bxa4 10. Qxa4+ Nbd7 11. Nd2 Qc7 12. N2b3 Be7 13. Na5 O-O 14. Nxb7 Qxb7 15. Qc6 Qb8 16. Rxa6 Rxa6 17. Bxa6 Ne5 18. Qb5 Qxb5 19. Bxb5 Rb8 20. f4 Ng6 21. g3 d5 22. e5 Ne4 23. Bd3 Nc5 24. Bc2 Rb6 25. b4 Nd7 26. Ba4 Nb8 27. Bb5 Bd8 28. Be3 Rb7 29. Ra1 Bb6 30. Bd3 Ne7 31. Ra8 Ba7 32. Kf2 g5 33. Ba6 Rd7 34. Nb5 Bxe3+ 35. Kxe3 Rd8 36. Nd4 gxf4+ 37. gxf4 Kg7 38. b5 Rg8 39. Bb7 Nd7 40. Rxg8+ Kxg8 41. Bc6 Nb6 42. Nc2 Nf5+ 43. Kd3 Kf8 44. Ne3 Nxe3 45. Kxe3 Ke7 46. Kd4 Kd8 47. Kc5 Na4+ 48. Kb4 Nb6 49. Ka5 Nc4+ 50. Ka6 Kc7 51. Be8 Ne3 52. Bxf7 Ng2 53. Bxe6 Nxf4 54. Bg8 h5 55. Ka7 1-0


[Site "https://www.chess.com"]

[Event "Titled Tuesday Blitz August 31 2021"]
[White "Vachier-Lagrave, Maxime"]
[Black "Mortazavi, Ali"]
[WhiteFideId "623539"]
[BlackFideId "401323"]
[WhiteElo "2850"]
[BlackElo "2339"]
[Result "0-1"]
[Round "02"]
[TimeControl "180+1"]
[Date "2021.08.31"]
[WhiteClock "0:01:11"]
[BlackClock "0:00:10"]

1. e4 c6 2. d4 d5 3. e5 Bf5 4. c4 dxc4 5. Bxc4 e6 6. Nc3 Nd7 7. Nge2 Nb6 8. Bb3 Ne7 9. Ng3 Bg6 10. h4 h6 11. h5 Bh7 12. O-O Ned5 13. Nxd5 Nxd5 14. Qg4 Qd7 15. Bd2 O-O-O 16. Rac1 Kb8 17. Rfd1 Rg8 18. Ba5 Rc8 19. Re1 Be7 20. Bd2 Rcd8 21. Qf3 Bg5 22. Rcd1 Bxd2 23. Rxd2 Qe7 24. a3 g5 25. hxg6 Bxg6 26. Bc2 Qg5 27. Red1 Nf4 28. Bxg6 Rxg6 29. Rc2 h5 30. Kf1 h4 31. Ne4 Qxg2+ 32. Qxg2 Nxg2 33. Rc3 Rdg8 34. Rf3 Rh8 35. Ke2 h3 36. Rh1 Rh4 37. Nd6 Rxd4 38. Rxf7 Rd5 39. Rxh3 Rxe5+ 40. Kf1 Re1# 0-1


[Site "https://www.chess.com"]

[Event "Titled Tuesday Blitz August 31 2021"]
[White "Vasli, Aref"]
[Black "Materia, Marco"]
[WhiteFideId "417521"]
[BlackFideId "45150451"]
[WhiteElo "2257"]
[BlackElo "2697"]
[Result "1-0"]
[Round "02"]
[TimeControl "180+1"]
[Date "2021.08.31"]
[WhiteClock "0:00:56"]
[BlackClock "0:00:19"]

1. e4 c5 2. Nf3 e6 3. d4 cxd4 4. Nxd4 Nc6 5. Nc3 Qc7 6. g3 Nf6 7. Bg2 Nxd4 8. Qxd4 Bc5 9. Bf4 d6 10. Qd2 a6 11. O-O O-O 12. Rad1 e5 13. Bg5 Be6 14. Bxf6 gxf6 15. Nd5 Bxd5 16. Qxd5 Rac8 17. c3 Qc6 18. Qd2 Kg7 19. Qe2 Rg8 20. Qf3 a5 21. Rd2 b5 22. Rfd1 b4 23. Bh3 bxc3 24. bxc3 Rc7 25. Bf5 Ba3 26. Kg2 Qxc3 27. Rd3 Qc2 28. Rxa3 Rb8 29. Rxd6 Rb1 30. Qg4+ Kf8 31. Rd8+ Ke7 32. Qg8 Qxf2+ 33. Kxf2 Rc2+ 34. Kf3 Rf1+ 35. Kg4 Rf4+ 36. Kh3 Rxh2+ 37. Kxh2 Rf2+ 38. Kg1 Rg2+ 39. Kxg2 h5 40. Qf8# 1-0


[Site "https://www.chess.com"]

[Event "Titled Tuesday Blitz August 31 2021"]
[White "Visakh N R"]
[Black "Kavyev, Ruslan"]
[WhiteFideId "25012223"]
[BlackFideId "34110981"]
[WhiteElo "2428"]
[BlackElo "2172"]
[Result "1-0"]
[Round "02"]
[TimeControl "180+1"]
[Date "2021.08.31"]
[WhiteClock "0:01:12"]
[BlackClock "0:00:12"]

1. c4 Nf6 2. Nc3 g6 3. b3 Bg7 4. Bb2 O-O 5. g3 c6 6. Bg2 d5 7. cxd5 cxd5 8. d4 Nc6 9. Nf3 Ne4 10. O-O Bf5 11. e3 Nxc3 12. Bxc3 Be4 13. Qd2 Qd7 14. Rfc1 Rfc8 15. a4 a6 16. Ne1 Bxg2 17. Kxg2 a5 18. Nd3 b6 19. Bb2 Rc7 20. Rc2 Rac8 21. Rac1 e6 22. Ba3 Bf8 23. Bxf8 Kxf8 24. Rxc6 Rxc6 25. Ne5 Qb7 26. Rxc6 Rxc6 27. Nxc6 Qxc6 28. h4 h5 29. Qd3 Kg7 30. Qa6 Qc7 31. Qb5 Kh7 32. Qe2 Kg7 33. g4 hxg4 34. Qxg4 Qc2 35. h5 Kh6 36. Qf4+ Kxh5 37. Qxf7 Qe4+ 38. Qf3+ Qxf3+ 39. Kxf3 Kg5 40. Kg3 Kf5 41. f3 g5 42. Kh3 Kf6 43. Kg4 Kg6 44. e4 Kh6 45. exd5 exd5 46. Kf5 Kh5 47. Kf6 Kh4 48. Kg6 Kg3 49. Kxg5 Kxf3 50. Kf5 Ke3 51. Ke5 Kd3 52. Kxd5 Kc3 53. Kc6 Kxb3 54. d5 Kxa4 55. d6 b5 56. d7 b4 57. d8=Q b3 58. Qd4+ Ka3 59. Qa1+ Kb4 60. Qe1+ Ka4 61. Kc5 Ka3 62. Qxa5+ Kb2 63. Kc4 Kc2 64. Qc3+ Kb1 65. Qxb3+ Ka1 66. Qd1+ Ka2 67. Qd2+ Ka1 68. Kb3 Kb1 69. Qb2# 1-0


[Site "https://www.chess.com"]

[Event "Titled Tuesday Blitz August 31 2021"]
[White "Wagner, Dennis"]
[Black "Prraneeth Vuppala"]
[WhiteFideId "24650684"]
[BlackFideId "46622373"]
[WhiteElo "2355"]
[BlackElo "1759"]
[Result "1-0"]
[Round "02"]
[TimeControl "180+1"]
[Date "2021.08.31"]
[WhiteClock "0:00:12"]
[BlackClock "0:00:07"]

1. e4 e5 2. Nf3 Nc6 3. d4 exd4 4. Nxd4 Nf6 5. Nxc6 bxc6 6. e5 Qe7 7. Qe2 Nd5 8. c4 Ba6 9. b3 g6 10. g3 Bg7 11. Bb2 O-O 12. Bg2 Rae8 13. O-O Bxe5 14. Bxe5 Qxe5 15. Qxe5 Rxe5 16. cxd5 Bxf1 17. Kxf1 cxd5 18. Nc3 c6 19. Rd1 Rb8 20. Rd4 Rbe8 21. Bf3 Re1+ 22. Kg2 Rc1 23. Nd1 Re1 24. h4 Ra1 25. Rd2 Kf8 26. Ne3 Rab1 27. Rd4 Rb2 28. Ng4 Kg7 29. Ra4 h5 30. Nh2 Ra1 31. Rxa7 Raxa2 32. Rxa2 Rxa2 33. Nf1 Rb2 34. Bd1 d4 35. Kf3 d5 36. Nh2 c5 37. g4 Kf6 38. gxh5 gxh5 39. Nf1 Ke5 40. Ng3 c4 41. bxc4 dxc4 42. Nxh5 c3 43. Nf4 c2 44. Nd3+ Kf5 45. Be2 Rb3 46. Kg2 Rc3 47. Nc1 Ke6 48. Bd3 Ke5 49. Kf3 Ra3 50. Ke2 Kf4 51. Bxc2 Rh3 52. Nb3 Ke5 53. Nc5 Rxh4 54. Nd3+ Kd5 55. Bb3+ Ke4 56. Bxf7 Rh2 57. Bg6+ Kd5 58. Bf7+ Ke4 59. Bb3 Rh1 60. Bc2 Kd5 61. Nf4+ Ke5 62. Nd3+ Kd5 63. Bb3+ Ke4 64. Ba4 Ra1 65. Bc6+ Kf5 66. Kf3 Ra3 67. Be4+ Ke6 68. Kf4 Rc3 69. f3 Ra3 70. Nf2 Ra2 71. Ng4 Rd2 72. Ne5 Re2 73. Nd3 Re3 74. Nc5+ Kd6 75. Nd3 Ke6 76. Kg3 Re2 77. Nf4+ Ke5 78. Nxe2 1-0


[Site "https://www.chess.com"]

[Event "Titled Tuesday Blitz August 31 2021"]
[White "Weetik, Vjacheslav"]
[Black "Suarez Uriel, Adrian"]
[WhiteFideId "4153472"]
[BlackFideId "22230874"]
[WhiteElo "2469"]
[BlackElo "2300"]
[Result "1-0"]
[Round "02"]
[TimeControl "180+1"]
[Date "2021.08.31"]
[WhiteClock "0:01:08"]
[BlackClock "0:01:48"]

1. d4 Nf6 2. Bf4 b6 3. Nf3 Bb7 4. e3 g6 5. h3 Bg7 6. c4 O-O 7. Nc3 c5 8. d5 d6 9. Be2 Nbd7 10. O-O e5 11. dxe6 fxe6 12. Qxd6 e5 13. Nxe5 Nxe5 14. Qxd8 Rfxd8 15. Bxe5 Rd2 16. Bf3 Bxf3 17. gxf3 Rxb2 18. Nd5 Nxd5 19. Bxb2 Bxb2 20. Rab1 Nxe3 21. fxe3 Bf6 22. Rfd1 Re8 23. Kf2 Bg5 24. f4 Bf6 25. Rd7 g5 26. fxg5 Bg7 27. Rbd1 Re4 28. Rxa7 Rxc4 29. Rd8+ 1-0


[Site "https://www.chess.com"]

[Event "Titled Tuesday Blitz August 31 2021"]
[White "Wong, Yinn Long"]
[Black "Bychkov, Vladimir"]
[WhiteFideId "5707684"]
[BlackFideId "24151513"]
[WhiteElo "2016"]
[BlackElo "2308"]
[Result "1-0"]
[Round "02"]
[TimeControl "180+1"]
[Date "2021.08.31"]
[WhiteClock "0:00:36"]
[BlackClock "0:00:20"]

1. e4 c6 2. Nf3 d5 3. d3 Qc7 4. Qe2 dxe4 5. dxe4 e5 6. g3 Nf6 7. Bg2 a5 8. O-O Bc5 9. c3 O-O 10. h3 h6 11. Nbd2 Be6 12. Nb3 Ba7 13. Be3 a4 14. Bxa7 axb3 15. Bc5 bxa2 16. Bxf8 Kxf8 17. c4 b5 18. b3 bxc4 19. bxc4 Qa5 20. Rfc1 Nbd7 21. Rc2 Qc5 22. Rcxa2 Rxa2 23. Rxa2 Bxc4 24. Ra8+ Ke7 25. Qc2 g5 26. Nd2 Bb5 27. Qxc5+ Nxc5 28. Bf1 Bxf1 29. Kxf1 Nfxe4 30. Nxe4 Nxe4 31. Rh8 f6 32. Rxh6 c5 33. Rh8 Nd6 34. Ke2 Ke6 35. Ra8 Kd5 36. h4 gxh4 37. gxh4 Nf5 38. h5 e4 39. Rf8 Ke6 40. Rc8 Kd5 41. Rh8 c4 42. h6 c3 43. h7 Nd4+ 44. Kd1 c2+ 45. Kc1 Kc4 46. Rc8+ Kd3 47. h8=Q Nb3+ 48. Kb2 c1=Q+ 49. Rxc1 Nxc1 50. Kxc1 Ke2 51. Qh4 1-0


[Site "https://www.chess.com"]

[Event "Titled Tuesday Blitz August 31 2021"]
[White "Xiong, Jeffery"]
[Black "Grafil, Franz Robert"]
[WhiteFideId "2047640"]
[BlackFideId "5205298"]
[WhiteElo "2724"]
[BlackElo "2211"]
[Result "1-0"]
[Round "02"]
[TimeControl "180+1"]
[Date "2021.08.31"]
[WhiteClock "0:00:19"]
[BlackClock "0:00:03"]

1. d4 Nf6 2. Nf3 d5 3. Bf4 c5 4. e3 Nc6 5. Nbd2 Bf5 6. Bb5 Qb6 7. c4 a6 8. Bxc6+ bxc6 9. O-O e6 10. Qa4 Nd7 11. Rfc1 Rc8 12. Nb3 dxc4 13. Rxc4 Bd3 14. Rc3 Bb5 15. dxc5 Nxc5 16. Qd4 Na4 17. Rc2 Qxd4 18. Nbxd4 c5 19. Rd1 Nb6 20. Nb3 f6 21. e4 Ba4 22. Nfd2 c4 23. Rdc1 e5 24. Be3 cxb3 25. axb3 Rxc2 26. Rxc2 Bxb3 27. Nxb3 Nd7 28. Rc8+ Kf7 29. Ra8 g6 30. Ra7 Ke6 31. Rxa6+ Kf7 32. Ra7 Ke6 33. Ra8 Bg7 34. Ra6+ Ke7 35. Ra7 Ke6 36. Nc5+ Nxc5 37. Bxc5 Bf8 38. Ra8 Bg7 39. Rxh8 Bxh8 40. b4 f5 41. f3 Kd7 42. Kf2 Kc6 43. exf5 gxf5 44. g4 f4 45. Ke2 Bf6 46. Kd3 Kd5 47. Bf2 Bd8 48. b5 h6 49. h4 Bc7 50. g5 hxg5 51. hxg5 Bd8 52. g6 Ke6 53. Ke4 Kf6 54. Bh4+ 1-0


[Site "https://www.chess.com"]

[Event "Titled Tuesday Blitz August 31 2021"]
[White "Yeletsky, Ivan"]
[Black "Musovic, Armin"]
[WhiteFideId "24180327"]
[BlackFideId "939935"]
[WhiteElo "2344"]
[BlackElo "2250"]
[Result "1-0"]
[Round "02"]
[TimeControl "180+1"]
[Date "2021.08.31"]
[WhiteClock "0:00:40"]
[BlackClock "0:00:57"]

1. Nf3 a6 2. g3 e6 3. Bg2 d5 4. d3 Nf6 5. O-O d4 6. c3 dxc3 7. bxc3 Be7 8. a4 O-O 9. Nbd2 Re8 10. Ne5 Nbd7 11. Nec4 Nb6 12. Nxb6 cxb6 13. Nc4 Nd5 14. Qc2 Bf6 15. d4 Nxc3 16. Qxc3 Bxd4 17. Qa3 Bxa1 18. Qxa1 Qc7 19. Qa2 e5 20. Ne3 Be6 21. Nd5 Qd8 22. Be3 b5 23. axb5 axb5 24. Qb3 Qa5 25. Rd1 Qa4 26. Qxa4 bxa4 27. Nc7 Red8 28. Ra1 a3 29. Nxa8 Rxa8 30. Bxb7 Ra4 31. Bc6 Ra6 32. Bb5 Ra5 33. Bd3 a2 34. f4 f6 35. Kf2 Bd5 36. fxe5 fxe5 37. Bd2 Ra3 38. Bc1 Ra5 39. Ke3 Kf7 40. Bb2 Ke6 41. Bxh7 Rb5 42. Bg8+ Kd6 43. Bxd5 Kxd5 44. Rxa2 Rb3+ 45. Kf2 Ke4 46. Bc1 Rb6 47. Ra4+ Kf5 48. h3 Rf6 49. g4+ Kg6+ 50. Kg2 Rc6 51. Be3 Rc2 52. Kf2 Rc6 53. h4 Rf6+ 54. Kg2 Re6 55. h5+ Kh7 56. Re4 g6 57. hxg6+ Kxg6 58. Kg3 Kf7 59. Rc4 Ra6 60. Kf3 Ke6 61. Ke4 Kd6 62. g5 Ke6 63. Rb4 Rc6 64. Rb6 1-0


[Site "https://www.chess.com"]

[Event "Titled Tuesday Blitz August 31 2021"]
[White "Yi, Richard"]
[Black "Aditya Mittal"]
[WhiteFideId "2079518"]
[BlackFideId "35042025"]
[WhiteElo "2426"]
[BlackElo "2171"]
[Result "0-1"]
[Round "02"]
[TimeControl "180+1"]
[Date "2021.08.31"]
[WhiteClock "0:00:01"]
[BlackClock "0:01:26"]

1. e4 c5 2. Nf3 d6 3. d4 cxd4 4. Nxd4 Nf6 5. Nc3 a6 6. h3 e6 7. g4 d5 8. exd5 Nxd5 9. Nde2 Nc6 10. Bg2 Nxc3 11. Qxd8+ Nxd8 12. Nxc3 Bd7 13. O-O Bc6 14. Be3 Bb4 15. Ne4 f5 16. Ng3 O-O 17. f4 Rc8 18. c3 Be7 19. Rad1 Bh4 20. Kh2 Nf7 21. g5 Bxg3+ 22. Kxg3 Bxg2 23. Kxg2 Rfd8 24. Bb6 Rd6 25. Bd4 Rd5 26. Rfe1 Rc6 27. h4 h5 28. Re2 Nd6 29. Kf3 Ne4 30. Ree1 Rcd6 31. Rc1 b5 32. b4 Rd7 33. Ke3 Kf7 34. Rc2 Kg6 35. Rcc1 Rc7 36. Rc2 Rc4 37. Rec1 Rc6 38. Ke2 Nd6 39. Rd1 Nc4 40. Bf2 Rxd1 41. Kxd1 Rd6+ 42. Ke2 Rd5 43. Bd4 Kf7 44. Kf3 g6 45. Re2 Rd7 46. Re1 Rc7 47. Re2 Rc6 48. Re1 Nd6 49. Re2 Ne4 50. Rc2 Rc4 51. Ke3 Ke7 52. Kd3 Kd6 53. Re2 Kd5 54. Rc2 Rc6 55. Re2 Rc8 56. Rc2 Ra8 57. Re2 a5 58. a3 axb4 59. axb4 Ra3 60. Rc2 Ra4 61. Rh2 Ra1 62. Rh3 Rd1+ 63. Ke3 Kc4 64. Be5 Rd3+ 65. Ke2 Rxh3 0-1


[Site "https://www.chess.com"]